 Dungeon Crawl Stone Soup version 0.02-122-g12e50fee3c (webtiles) character file.

Game seed: 7855879974836215178, levelgen mode: deterministic

2624 hurricos the Arsonist (level 9, 0/6 HPs) Fairy Summoner. Began on Oct 9, 2020. Was a Believer of Vehumet. Slain by a meliai zombie (1 damage) ... on level 4 of the Dungeon. The game lasted 00:22:29 (5193 turns).

hurricos the Arsonist (Fairy Summoner)              Turns: 5193, Time: 00:22:29

Health: 0/6        AC:  0    Str:  2    XL:     9 ^: 1779
Magic:  3/3        EV: 24    Int: 22    God:    Vehumet [2* [67]]
Gold:   281        SH:  0    Dex: 17    Spells: 8/18 levels left

rFire    . . .     Vision   .   r - amulet of chaos
rCold    . . .     Gourm    .
rNeg     . . .     Faith    .
rPois    .         Spirit   .
rElec    +         Reflect  .
rCorr    .         Harm     .
MR       +....
Stlth    +.........
HPRegen  0.12/turn
MPRegen  0.13/turn

@: glowing, slow
A: tiny, no armour or weapons, only one jewelry slot, no melee attacks, fairy
magic, fairy shield, fairy light, decreased potion and divine healing, slowness
1, able to fly, insubstantial
a: Fly, Renounce Religion


You were on level 4 of the Dungeon.
You worshipped Vehumet.
Vehumet was pleased with you.
You were not hungry.

You visited 1 branch of the dungeon, and saw 4 of its levels.

You collected 281 gold pieces.

Inventory:

Jewellery
 c - an uncursed ring of positive energy
 p - an uncursed amulet of harm
 q - a cursed ring of dexterity {(Curse: MR-)}
 r - an amulet of chaos (around core)
Wands
 b - a wand of flame (27)
Scrolls
 f - 2 scrolls of magic mapping
 g - 4 scrolls of enchantment
 h - 2 scrolls of fog
 k - a scroll of amnesia
 o - 2 scrolls of teleportation
 t - a scroll of blinking
Potions
 a - a potion of haste
 d - a potion of agility
 e - a potion of resistance
 i - a potion of might
 m - a potion of ambrosia
 n - a potion of cancellation
Comestibles
 j - 16 rations
 l - 5 chunks of flesh


   Skills:
 - Level 2.7 Dodging
 - Level 1.4 Stealth
 * Level 5.2 Spellcasting
 + Level 6.3 Summonings
 - Level 11.8 Fire Magic


You had 8 spell levels left.
You knew the following spells:

 Your Spells              Type           Power        Failure   Level  Hunger
a - Ephemeral Spirits     Fire           25 (25)      1%          1    None
b - Summon Small Mammal   Summ           25 (25)      1%          1    None
c - Call Imp              Summ           33 (100)     1%          2    None
d - Call Canine Familiar  Summ           33 (100)     2%          3    ##.....
e - Lick                  Fire           40 (40)      1%          1    None
f - Searing Ray           Fire           50 (50)      1%          2    None

Your spell library contained the following spells:

 Spells                   Type           Power        Failure   Level  Hunger
 Elemental Crush          Ice            5 (25)       10%         1    None
 Summon Ice Beast         Ice/Summ       19 (100)     26%         4    ####...
 Summon Lightning Spire   Summ/Air       19 (100)     58%         5    #####..


Dungeon Overview and Level Annotations

Branches:
Dungeon (4/8)              Temple (0/1) D:4

Altars:
Gozag Ym Sagoz
Trog
Vehumet
The Shining One

Shops:
D:3 *


Innate Abilities, Weirdness & Mutations

You are too small to use any gear.
You can wear a single ring or amulet completely around your body.
You are incapable of melee of any kind.
Your magic reserves are extremely low but spells that normally cost one mana are free and all other spells cost one mana.
You are extremely frail but all attacks that strike you do exactly one damage.
You exude a bright light in a small radius around yourself.
The effect of potions and godly healing effects is reduced to match your tiny health and magic reserves.
You cover ground slowly.
You can fly continuously.
Your insubstantial form boosts your evasion and grants immunity to sticky flames, nets and constriction.


Message History

Unknown command.
Unknown command.
Unknown command.
Casting: Ephemeral Spirits (safe; 1% risk of failure)
Confirm with . or Enter, or press ? or * to list all spells.
Aiming: Lick (safe; 1% risk of failure)
Press: ? - help, Shift-Dir - straight line, f/p - meliai zombie
Aim: a meliai zombie (severely damaged (12/55), haloed)
The chaotic shard of destruction hits the meliai zombie (11)!
As it is struck, the meliai zombie flickers and vanishes..
The meliai zombie is almost destroyed. (1/55) HP The chaotic shard of negative energy hits the meliai zombie (0).
The meliai zombie completely resists.
The meliai zombie is almost destroyed. (1/55) HP The meliai zombie hits you (7)!
* * * LOW HITPOINT WARNING * * *
The meliai zombie closely misses you (0).
The meliai zombie barely misses you (0).
The meliai zombie hits you (8)!
You die...

...]...........#.#
####..
.......#######.#.#
#.⌠
.......#######....
#..
...#...#.........#
#..
####...#.........#
###
#...#......?#.# #
#...#.......#.#
#...#.......Z.#
#...#.......#@#
#...#######+#*#
#.............#
###...........#
#...........#
#...........#
#...........#
#....†......#
#...........#


You could see a meliai zombie (invisible).

Vanquished Creatures
  Grinder (D:3)
  Sigmund (D:3)
  Purgy (D:2)
  A phantom (D:4)
  A slime creature (D:2)
  A porcupine (D:3)
  2 black bears (D:4)
  A black bear (shapeshifter) (D:3)
  4 big kobolds
  2 bullfrogs
  A gnoll sergeant (D:4)
  An orc priest (D:4)
  A hound (D:4)
  5 jellies (D:2)
  3 orc wizards
  A gnoll shaman (D:4)
  An iguana (D:3)
  4 worker ants
  2 bullfrog zombies (D:4)
  11 gnolls (D:4)
  A shadow imp (D:4)
  9 adders
  8 sewer rats (D:2)
  A white imp (D:4)
  5 cinder newts
  4 worms
  6 oozes
  6 dart slugs (D:1)
  4 leopard geckos
  10 orcs
  2 adder skeletons (D:2)
  2 ball pythons
  8 bats
  5 giant cockroaches
  4 goblins
  2 hobgoblins (D:1)
  4 jackals (D:4)
  15 kobolds
  3 quokkas (D:4)
  A ball python skeleton (D:2)
  3 bat skeletons (D:2)
  A leopard gecko skeleton (D:3)
  8 rats
  2 ephemeral spirits (D:4)
  A foxfire (D:3)
160 creatures vanquished.

Vanquished Creatures (collateral kills)
  A bullfrog (D:3)
  2 jellies (D:2)
  2 orc wizards (D:4)
  3 worker ants (D:3)
  A bullfrog skeleton (D:3)
  An adder (D:4)
  3 cinder newts
  2 orcs
  A giant cockroach (D:2)
  5 withered plants (D:2)
21 creatures vanquished.

Vanquished Creatures (others)
  An orc warrior (D:4)
  A scorpion (D:4)
  An iron imp (D:4)
  A gnoll (D:4)
  A giant cockroach (D:2)
  100 ephemeral spirits
  726 foxfires
  124 withered plants (D:2)
955 creatures vanquished.

Grand Total: 1136 creatures vanquished

Notes
Turn   | Place    | Note
-------+----------+-------------------------------------------
     0 | D:1      | hurricos the Fairy Summoner began the quest for the Orb.
     0 | D:1      | Reached XP level 1. HP: 3/3 MP: 3/3
   140 | D:1      | Reached XP level 2. HP: 3/3 MP: 3/3
   317 | D:2      | Learned a level 2 spell: Call Imp
   356 | D:2      | Noticed a big kobold
   372 | D:2      | Killed a big kobold
   372 | D:2      | Reached skill level 3 in Fire Magic
   372 | D:2      | Reached XP level 3. HP: 2/4 MP: 3/3
   372 | D:2      | Reached XP level 4. HP: 2/4 MP: 3/3
   513 | D:2      | Reached skill level 4 in Fire Magic
   528 | D:2      | Reached XP level 5. HP: 3/4 MP: 3/3
   634 | D:2      | Reached skill level 5 in Fire Magic
   674 | D:2      | Noticed Purgy
   680 | D:2      | Killed Purgy
   680 | D:2      | Reached skill level 6 in Fire Magic
   680 | D:2      | Reached XP level 6. HP: 3/5 MP: 3/3
  1055 | D:2      | Reached skill level 7 in Fire Magic
  1122 | D:2      | Noticed a slime creature
  1129 | D:2      | Reached XP level 7. HP: 5/5 MP: 3/3
  1208 | D:2      | Reached skill level 8 in Fire Magic
  1283 | D:2      | Found a radiant altar of Vehumet.
  1303 | D:2      | Became a worshipper of Vehumet
  2215 | D:1      | Reached skill level 9 in Fire Magic
  2893 | D:1      | Reached * piety under Vehumet
  2893 | D:1      | Offered knowledge of Elemental Crush by Vehumet.
  3286 | D:3      | Reached XP level 8. HP: 5/5 MP: 3/3
  3364 | D:3      | Noticed Sigmund
  3371 | D:3      | Killed Sigmund
  3371 | D:3      | Reached skill level 10 in Fire Magic
  3391 | D:3      | Noticed Grinder
  3399 | D:3      | Killed Grinder
  3454 | D:3      | Found a bloodstained altar of Trog.
  3462 | D:3      | Noticed a jumping spider
  3462 | D:3      | a shapeshifter changed into a jumping spider
  3465 | D:3      | a jumping spider changed into a yak
  3468 | D:3      | Noticed a queen bee
  3468 | D:3      | a yak changed into a queen bee
  3744 | D:3      | Reached skill level 11 in Fire Magic
  3802 | D:3      | Found Ybilun's General Store.
  3812 | D:3      | Learned a level 3 spell: Call Canine Familiar
  3989 | D:3      | Found an opulent altar of Gozag.
  4570 | D:4      | Found a staircase to the Ecumenical Temple.
  4690 | D:4      | Reached skill level 5 in Summonings
  4697 | D:4      | Reached XP level 9. HP: 6/6 MP: 3/3
  4799 | D:4      | Reached ** piety under Vehumet
  4823 | D:4      | Offered knowledge of Lick by Vehumet.
  4878 | D:4      | Learned a level 1 spell: Lick
  5033 | D:4      | Found a glowing golden altar of the Shining One.
  5095 | D:4      | Offered knowledge of Searing Ray by Vehumet.
  5109 | D:4      | Learned a level 2 spell: Searing Ray
  5127 | D:4      | Reached skill level 5 in Spellcasting
  5193 | D:4      | Slain by a meliai zombie

Levels and vault maps discovered:
D:1:      sevenhm_arrival_forest_fort_large_2, layout_basic, first_ration
D:2:      layout_sewer, vehumet_altar_wand_db, uniq_purgy
D:3:      layout_loops_ring, overflow_temple_1_default,
          bcadren_lemuel_inverted_doored_altar, serial_shops, shop,
          blue_anna_alchemist [blue_anna_fruit_fields, blue_anna_fruit_fields],
          uniq_sigmund, uniq_grinder
D:4:      cheibrodos_elevator_heist, layout_basic, lemuel_crystal_altar,
          minmay_temple_entry_junction

Skill      XL: |  1  2  3  4  5  6  7  8  9 |
---------------+----------------------------+-----
Spellcasting   | 3 5 |  5.2
Fire Magic     | 3 4 6 7 9 11 | 11.8
Summonings     | 5 6 |  6.3
Dodging        | |  2.7
Stealth        | |  1.4

Action                   |  1- 3 |  4- 6 |  7- 9 || total
-------------------------+-------+-------+-------++-------
 Cast: Ephemeral Spirits |    33 |   109 |   458 ||   600
       Summon Small Mamm |     9 |     8 |     1 ||    18
       Call Imp          |     2 |     5 |     5 ||    12
       Call Canine Famil |       |       |    21 ||    21
       Lick              |       |       |     7 ||     7
       Searing Ray       |       |       |     3 ||     3
Evoke: Wand              |       |       |     6 ||     6
  Use: Potion            |       |       |     4 ||     4
       Scroll            |       |       |     2 ||     2
  Eat: Chunk             |       |     1 |    11 ||    12
       Ration            |       |       |     2 ||     2
Dodge: Dodged            |    59 |    24 |   165 ||   248
